 Dungeon Crawl Stone Soup version 0.21.1-1-g345015fe64 (webtiles) character file.

11237 KamiKatze the Thaumaturge (level 11, -14/52 HPs)
             Began as a Spriggan Conjurer on Feb 13, 2018.
             Was a High Priest of Vehumet.
             Demolished by a minotaur (37 damage)
             ... in a labyrinth.
             The game lasted 01:08:48 (13942 turns).

KamiKatze the Thaumaturge (Spriggan Conjurer)      Turns: 13942, Time: 01:08:48

Health: -14/52     AC:  7    Str:  4    XL:     11   Next: 46%
Magic:  18/26      EV: 27    Int: 21    God:    Vehumet [*****.]
Gold:   458        SH:  0    Dex: 16    Spells: 11/30 levels left

rFire    + . .     SeeInvis +   a - +1 dagger (speed)
rCold    + . .     Gourm    .   (shield restricted)
rNeg     . . .     Faith    .   r - +2 robe {rC+ rF+}
rPois    .         Spirit   .   H - +1 hat
rElec    .         Reflect  .   D - +1 cloak
rCorr    .         Harm     +   (gloves unavailable)
MR       +....                  (boots unavailable)
Stlth    +.........             J - amulet of harm
HPRegen  0.17/turn              B - ring of loudness (curse)
MPRegen  0.20/turn              o - +3 ring of evasion

@: very quick
A: very small, unfitting armour, see invisible, herbivore, speed 3, slow
metabolism 2
a: Renounce Religion


You were in a labyrinth.
You worshipped Vehumet.
Vehumet was extremely pleased with you.
You were not hungry.

You visited 2 branches of the dungeon, and saw 12 of its levels.
You also visited: Labyrinth and Ossuary.

You collected 601 gold pieces.
You spent 143 gold pieces at shops.

Inventory:

Hand Weapons
 a - a +1 dagger of speed (weapon)
 b - a +0 whip of electrocution
Missiles
 w - 15 poisoned needles
Armour
 r - a +2 robe of resistance (worn)
 D - a +1 cloak (worn)
 H - a +1 hat (worn)
Jewellery
 l - a +2 ring of strength
 o - a +3 ring of evasion (right hand)
 u - a +3 ring of dexterity
 B - a cursed ring of loudness (left hand)
 J - an amulet of harm (around neck)
 K - an uncursed amulet of regeneration {unknown}
Wands
 f - a wand of disintegration (6)
 p - a wand of flame (23)
 q - a wand of acid (12)
Scrolls
 d - 3 scrolls of remove curse
 h - 5 scrolls of teleportation
 n - a scroll of blinking
 s - a scroll of fear
 y - a scroll of amnesia
 F - a scroll of immolation
Potions
 e - 5 potions of haste
 g - 5 potions of curing
 i - a potion of brilliance
 k - a potion of mutation
 m - a potion of invisibility {unknown}
 t - a potion of berserk rage {unknown}
 z - 3 potions of might
 A - 2 potions of flight {unknown}
 C - 2 potions of lignification
 I - a potion of agility {unknown}
Books
 x - a book of Conjurations

   Spells                             Type                      Level
   a - Magic Dart                     Conjuration                  1
   b - Searing Ray                    Conjuration                  2
   c - Dazzling Spray                 Conjuration/Hexes            3
   d - Fulminant Prism                Conjuration/Hexes            4
   e - Force Lance                    Conjuration/Translocation    4
   f - Iskenderun's Mystic Blast      Conjuration                  4
 E - a book of Cantrips

   Spells                             Type                      Level
   a - Confusing Touch                Hexes                        1
   b - Animate Skeleton               Necromancy                   1
   c - Summon Small Mammal            Summoning                    1
   d - Apportation                    Translocation                1
Comestibles
 c - 16 rations


   Skills:
 - Level 3.1 Fighting
 + Level 8.6 Dodging
 - Level 3.3 Stealth
 + Level 10.2 Spellcasting
 * Level 9.7 Conjurations
 + Level 9.6 Hexes
 - Level 5.0 Translocations


You had 11 spell levels left.
You knew the following spells:

 Your Spells              Type           Power        Failure   Level  Hunger
a - Magic Dart            Conj           ####         1%          1    None
b - Searing Ray           Conj           ######       1%          2    None
c - Dazzling Spray        Conj/Hex       ######       1%          3    None
d - Iskenderun's Mystic   Conj           ######..     1%          4    ##.....
e - Fulminant Prism       Conj/Hex       ######....   1%          4    ##.....
f - Force Lance           Conj/Tloc      #####...     1%          4    ##.....
z - Apportation           Tloc           ####..       1%          1    None


Dungeon Overview and Level Annotations

Branches:
Dungeon (10/15)            Temple (0/1) D:4            Lair (2/6) D:8
    Orc (0/2) D:9
  Swamp: Lair:2-4    Shoals: Lair:2-4     Snake: Lair:2-4    Spider: Lair:2-4

Altars:
Ashenzari
Cheibriados
Dithmenos
Fedhas
Hepliaklqana
Kikubaaqudgha
Makhleb
Nemelex Xobeh
Okawaru
Qazlal
Vehumet
Wu Jian
Beogh

Shops:
D:7 *   D:10 !

Annotations:
D:4 Grinder


Innate Abilities, Weirdness & Mutations

You are very small and have problems with some larger weapons.
You are too small for most types of armour.
You have supernaturally acute eyesight. (SInv)
You are a herbivore.
You cover ground extremely quickly.
You need consume almost no food.


Message History

The minotaur is moderately wounded.
Casting: Fulminant Prism
Confirm with . or Enter, or press ? or * to list all spells.
Aiming: Searing Ray
Press: ? - help, Shift-Dir - straight line, f - minotaur
Aim: a minotaur (moderately wounded)
The searing ray hits the minotaur.
The minotaur is heavily wounded. (Press . to maintain the ray.)
The searing ray hits the minotaur.
The minotaur is heavily wounded.
The searing ray hits the minotaur.
The minotaur is severely wounded.
The searing ray hits the minotaur.
The minotaur is almost dead.
You finish channeling your searing ray.
The minotaur hits you! The minotaur gores you! The minotaur hits you!!
Ouch! That really hurt!
You die...

. # ..# . # . ###
#.. ..#.. #.# .
###.#########.# #
# #.<.#.....H.# #
.#
#.#.#####@#.###.#
#...# #...#... .
## # ###.#.# . .
.# .... .# #.
#####.# .. . # #
..# ## .# . . .
.. # . ## ##. # .


You could see a minotaur.

Vanquished Creatures
  A hydra (Lair:1)
  A two-headed ogre (D:10)
  Pikel (D:5)
  A rime drake (Lair:1)
  3 komodo dragons
  A troll (D:10)
  7 hippogriffs
  3 blink frogs (Lair:1)
  Sigmund (D:6)
  2 redbacks (Lab)
  A yak (D:9)
  Grum (D:9)
  Edmund (D:5)
  3 porcupines (Lair:1)
  2 water moccasins (D:8)
  8 orc warriors
  A sky beast (D:5)
  3 ice beasts
  A slave (D:5)
  3 phantoms
  6 ogres
  3 wolves (D:9)
  2 centaurs
  3 crocodiles (Lair:1)
  Blork the orc (D:5)
  4 bullfrogs
  3 scorpions
  14 killer bees
  2 electric eels (Lair:1)
  A howler monkey (D:8)
  2 crimson imps
  A hound (D:5)
  A human zombie (Ossuary)
  3 jellies
  6 orc wizards
  2 centaur skeletons
  A gnoll shaman (D:4)
  9 orc priests
  Crazy Yiuf (D:6)
  2 bullfrog skeletons
  Terence (D:2)
  Ijyb (D:5)
  An iguana (D:7)
  2 worker ants
  A hound skeleton (D:4)
  3 gnolls (D:4)
  15 adders
  A shadow imp (D:9)
  2 oozes
  An adder zombie (D:4)
  An adder skeleton (D:8)
  4 worms
  2 dart slugs
  6 leopard geckos
  44 orcs
  5 bats (D:1)
  2 bat zombies (D:9)
  9 giant cockroaches
  A gnoll zombie (Ossuary)
  11 goblins
  7 hobgoblins
  16 jackals
  3 quokkas
  A ball python (D:1)
  4 frilled lizards
  2 kobolds (D:2)
  A kobold zombie (Ossuary)
  A quokka skeleton (D:6)
  11 rats
271 creatures vanquished.

Vanquished Creatures (others)
  A bullfrog (D:6)
  2 bullfrog zombies (D:6)
  A hound (D:6)
  31 fulminant prisms
35 creatures vanquished.

Grand Total: 306 creatures vanquished

Notes
Turn   | Place    | Note
-------+----------+-------------------------------------------
     0 | D:1      | KamiKatze the Spriggan Conjurer began the quest for the Orb.
     0 | D:1      | Reached XP level 1. HP: 9/9 MP: 5/5
   121 | D:1      | Reached XP level 2. HP: 13/13 MP: 1/6
   153 | D:1      | Learned a level 2 spell: Searing Ray
   357 | D:1      | Reached skill level 3 in Spellcasting
   695 | D:2      | Found a radiant altar of Vehumet.
   701 | D:2      | Became a worshipper of Vehumet
   717 | D:2      | Reached XP level 3. HP: 16/16 MP: 2/8
   723 | D:2      | Learned a level 3 spell: Dazzling Spray
  1095 | D:2      | Noticed Terence
  1293 | D:2      | Reached skill level 1 in Hexes
  1571 | D:2      | Reached XP level 4. HP: 21/21 MP: 0/10
  1577 | D:2      | Learned a level 4 spell: Iskenderun's Mystic Blast
  1830 | D:2      | Killed Terence
  1952 | D:3      | Reached * piety under Vehumet
  1952 | D:3      | Offered knowledge of Freeze by Vehumet.
  2259 | D:3      | Reached XP level 5. HP: 24/24 MP: 2/11
  2266 | D:3      | Reached skill level 4 in Spellcasting
  2801 | D:3      | Found a faded altar of an unknown god.
  2801 | D:3      | Found a faded altar of an unknown god.
  2827 | D:3      | Found a stormy altar of Qazlal.
  2830 | D:3      | Found a shattered altar of Ashenzari.
  2831 | D:3      | Found a hazy altar of Hepliaklqana.
  3296 | D:4      | Reached XP level 6. HP: 28/28 MP: 3/13
  3302 | D:4      | Learned a level 4 spell: Fulminant Prism
  3399 | D:4      | Offered knowledge of Throw Frost by Vehumet.
  3482 | D:4      | Reached ** piety under Vehumet
  3572 | D:4      | Found a staircase to the Ecumenical Temple.
  3679 | D:4      | Found an ornate altar of the Wu Jian Council.
  4037 | D:4      | Noticed Grinder
  4139 | D:5      | Entered Level 5 of the Dungeon
  4139 | D:5      | Noticed Ijyb
  4147 | D:5      | Killed Ijyb
  4148 | D:5      | Reached skill level 5 in Spellcasting
  4278 | D:5      | Found a sand-covered staircase.
  4300 | Ossuary  | Entered an ossuary
  4395 | Ossuary  | Reached skill level 5 in Conjurations
  4395 | Ossuary  | Reached XP level 7. HP: 18/32 MP: 3/15
  5216 | D:5      | Offered knowledge of Conjure Flame by Vehumet.
  5283 | D:5      | Reached skill level 6 in Spellcasting
  5425 | D:5      | Reached skill level 5 in Hexes
  5425 | D:5      | Reached XP level 8. HP: 36/36 MP: 12/18
  5530 | D:5      | Noticed Blork the orc
  5568 | D:5      | Killed Blork the orc
  5779 | D:5      | Noticed Edmund
  5922 | D:5      | Killed Edmund
  6059 | D:5      | Found a sparkling altar of Nemelex Xobeh.
  6131 | D:6      | Reached skill level 1 in Fighting
  6135 | D:6      | Noticed Pikel
  6413 | D:5      | Reached *** piety under Vehumet
  6559 | D:5      | Killed Pikel
  6559 | D:5      | Reached skill level 7 in Spellcasting
  6762 | D:6      | Reached XP level 9. HP: 24/43 MP: 9/20
  6764 | D:6      | Noticed Sigmund
  6957 | D:6      | Killed Sigmund
  7302 | D:6      | Found a blossoming altar of Fedhas.
  7384 | D:6      | Found a shadowy altar of Dithmenos.
  7434 | D:6      | Found a runed door.
  7438 | D:6      | Noticed Crazy Yiuf
  7442 | D:6      | Killed Crazy Yiuf
  7573 | D:7      | Found a snail-covered altar of Cheibriados.
  7646 | D:7      | Found a burning altar of Makhleb.
  7914 | D:7      | Found Horamoxa's General Store.
  7964 | D:7      | Found an iron altar of Okawaru.
  8087 | D:7      | Offered knowledge of Throw Icicle by Vehumet.
  8446 | D:7      | Learned a level 1 spell: Apportation
  8519 | D:8      | Reached skill level 8 in Spellcasting
  8964 | D:8      | Reached **** piety under Vehumet
  9175 | D:8      | Found a staircase to the Lair.
  9317 | D:9      | Found a roughly hewn altar of Beogh.
  9317 | D:9      | Found a staircase to the Orcish Mines.
  9358 | D:9      | Offered knowledge of Static Discharge by Vehumet.
  9529 | D:9      | Learned a level 4 spell: Force Lance
  9875 | D:9      | Reached skill level 5 in Dodging
  9875 | D:9      | Reached skill level 1 in Translocations
  9875 | D:9      | Reached XP level 10. HP: 38/49 MP: 6/23
 10337 | D:9      | Reached ***** piety under Vehumet
 10472 | D:9      | Noticed Grum
 10528 | D:9      | Found an ancient bone altar of Kikubaaqudgha.
 10659 | D:9      | Killed Grum
 10807 | D:9      | Reached skill level 9 in Spellcasting
 10912 | D:10     | Entered Level 10 of the Dungeon
 11002 | D:10     | Offered knowledge of Venom Bolt by Vehumet.
 11312 | D:10     | Noticed a two-headed ogre
 11891 | D:10     | Killed a two-headed ogre
 11891 | D:10     | Reached skill level 5 in Translocations
 11968 | D:10     | Noticed a deep elf mage
 12198 | D:10     | Found Coxzad's Distillery.
 12201 | D:10     | Bought a potion of haste for 110 gold pieces
 12201 | D:10     | Bought a potion of curing for 33 gold pieces
 12246 | Lair:1   | Entered Level 1 of the Lair of Beasts
 12518 | D:8      | Reached XP level 11. HP: 46/52 MP: 14/25
 13182 | Lair:1   | Reached skill level 10 in Spellcasting
 13326 | Lair:1   | Noticed a six-headed hydra
 13346 | Lair:1   | Killed a six-headed hydra
 13711 | Lair:2   | Found a labyrinth entrance.
 13720 | Lab      | Entered a labyrinth
 13926 | Lab      | Noticed a minotaur
 13942 | Lab      | Demolished by a minotaur

Skill      XL: |  1  2  3  4  5  6  7  8  9 10 11 |
---------------+----------------------------------+-----
Conjurations   | 3 4 5 6 8 9 |  9.7
Spellcasting   | 3 4 5 6 7 8 9 10 | 10.2
Hexes          | 1 2 3 5 6 7 8 9 |  9.6
Fighting       | 2 3 |  3.1
Dodging        | 5 7 8 |  8.6
Translocations | 1 5 |  5.0
Stealth        | |  3.3

Action                   |  1- 3 |  4- 6 |  7- 9 | 10-12 || total
-------------------------+-------+-------+-------+-------++-------
Melee: Dagger            |    37 |    91 |    84 |    15 ||   227
 Cast: Magic Dart        |    62 |   129 |   263 |   138 ||   592
       Searing Ray       |     4 |    21 |    48 |    52 ||   125
       Iskenderun's Myst |       |       |     1 |     1 ||     2
       Fulminant Prism   |       |       |    12 |    19 ||    31
       Dazzling Spray    |       |       |    10 |     7 ||    17
       Apportation       |       |       |     2 |       ||     2
       Force Lance       |       |       |       |     1 ||     1
Evoke: Wand              |       |       |       |     2 ||     2
  Use: Scroll            |     3 |     3 |     4 |     8 ||    18
       Potion            |       |     1 |       |     1 ||     2
 Stab: Sleeping          |     3 |     1 |     1 |       ||     5
       Invisible         |       |       |     3 |       ||     3
  Eat: Ration            |       |     1 |     3 |     2 ||     6
Armor: Robe              |     3 |    14 |    15 |    14 ||    46
Dodge: Dodged            |    31 |   104 |   136 |   171 ||   442
